 Dungeon Crawl Stone Soup version 0.31-a0-675-g238779eb0a (webtiles) character file.

Game seed: 5544000593443940972

102 qw the Shooter (level 4, -1/28 HPs)
             Began as a Gargoyle Hunter on Sept 5, 2023.
             Slain by an ogre
             ... wielding a +0 giant spiked club
              (20 damage)
             ... on level 3 of the Dungeon.
             The game lasted 00:00:48 (1522 turns).

qw the Shooter (Gargoyle Hunter)                    Turns: 1522, Time: 00:00:48

Health: -1/28      AC:  8    Str: 15    XL:     4   Next: 78%
Magic:  4/4        EV: 11    Int:  9    God:
Gold:   159        SH:  0    Dex: 15    Spells: 3/3 levels left

rFire   . . .        Y - +1 shortbow
rCold   . . .        (shield currently unavailable)
rNeg    + . .        f - +0 ring mail
rPois   inf          (no helmet)
rElec   +            (no cloak)
rCorr   .            (no gloves)
SInv    .            (no boots)
Will    .....        (no amulet)
Stlth   +            (no ring)
HPRegen 0.24/turn    (no ring)
MPRegen 0.09/turn

%: no passive effects
@: no status effects
A: sickness immunity, AC +3, negative energy resistance 1, electricity
resistance, torment resistance 1, petrification resistance
a: no special abilities


You were on level 3 of the Dungeon.
You visited 1 branch of the dungeon, and saw 3 of its levels.

You collected 159 gold pieces.


Innate Abilities, Weirdness & Mutations

You are immune to sickness and miasma.
Your stone body is resilient. (AC +3)
You are immune to poison.
You resist negative energy. (rN+)
You are resistant to electric shocks. (rElec)
You are resistant to unholy torment.
You are immune to petrification.


   Skills:
 - Level 3.0 Fighting
 + Level 5.5 Ranged Weapons
 - Level 1.0 Armour
 - Level 1.5 Dodging
 - Level 1.1 Stealth


You had 3 spell levels left.
You didn't know any spells.
Your spell library was empty.

Inventory:

Hand Weapons
 Y - a +1 shortbow (weapon)
Armour
 f - a +0 ring mail (worn)
Scrolls
 a - a scroll of identify
 b - 2 scrolls of fog {unknown}
 h - a scroll of teleportation {unknown}
 j - a scroll of brand weapon {unknown}
 k - a scroll of enchant armour {unknown}
Potions
 c - a potion of degeneration {unknown}
 d - 3 potions of curing
 e - a potion of haste {unknown}
 g - a potion of mutation {unknown}
 i - a potion of magic {unknown}

Dungeon Overview and Level Annotations

Branches:
Dungeon (3/15)

Altars:


Message History

The orc is moderately wounded.
You shoot an arrow. The arrow hits the orc!
You kill the orc!
You shoot an arrow. The arrow hits the orc.
The orc is severely wounded.
You shoot an arrow. The arrow hits the orc.
You kill the orc!
There is an open door here.
An orc comes into view. It is wielding a +0 short sword.
The orc shouts!
You shoot an arrow. The arrow hits the orc!
You kill the orc!
You see here a +0 club.
h - a scroll labelled ARADAVI FAQAV
Found 5 stones.
You now have 159 gold pieces (gained 15).
Things that are here:
a +0 short sword; a +0 leather armour
Found a chain mail.
i - a fuming sapphire potion You hear the slow rusting of a very distant drain.
j - a scroll labelled XIEDDE QEMUHU
k - a scroll labelled KYUSYD YFUO An ogre comes into view.
It is wielding a +0 giant spiked club.
You shoot an arrow. The arrow barely misses the ogre.
You shoot an arrow. The arrow barely misses the ogre.
You shoot an arrow. The arrow hits the ogre.
The ogre is lightly wounded.
You shoot an arrow. The arrow hits the ogre.
The ogre is lightly wounded.
You shoot an arrow. The arrow hits the ogre!
The ogre is moderately wounded.
The ogre hits you with a +0 giant spiked club!
You shoot an arrow. The arrow barely misses the ogre.
The ogre closely misses you.
You shoot an arrow. The arrow hits the ogre!
The ogre is severely wounded.
The ogre hits you with a +0 giant spiked club!!
Ouch! That really hurt!
You die...

.........#..........#
....................#
.......#........)...#
..................###
..................#
......[..(........#
+#........#.....###
#........###.#.#
#......@.# #.....
#......O.# ###..#.
#.......... .... .
#............ ...+
##.............
#....##....... #....
....... #.... .......


You could see an ogre.

Vanquished Creatures
  An adder (D:2)
  A worm (D:2)
  2 dart slugs
  4 orcs (D:3)
  7 ball pythons
  6 bats
  7 endoplasms
  8 giant cockroaches
  4 goblins
  4 hobgoblins
  8 jackals (D:1)
  5 quokkas
  4 frilled lizards
  5 kobolds
  6 rats
72 creatures vanquished.

Notes
Turn   | Place    | Note
-------+----------+-------------------------------------------
     0 | D:1      | qw the Gargoyle Hunter began the quest for the Orb.
     0 | D:1      | Reached XP level 1. HP: 12/12 MP: 1/1
     0 | D:1      | 0 ||| qw: Version: 0.3-a-75-g829b12e
     0 | D:1      | 0 ||| qw: Game counter: 74
     0 | D:1      | 0 ||| qw: Melee chars always use a shield: true
     0 | D:1      | 0 ||| qw: God list: Okawaru
     0 | D:1      | 0 ||| qw: Allow faded altars: false
     0 | D:1      | 0 ||| qw: Do Orc after clearing Dungeon:15 true
     0 | D:1      | 0 ||| qw: Do second Lair branch before Depths: true
     0 | D:1      | 0 ||| qw: Lair rune preference: random
     0 | D:1      | 0 ||| qw: Goals: Normal
     0 | D:1      | 0 ||| PLANNING D:1-11
    72 | D:1      | Reached XP level 2. HP: 17/17 MP: 2/2
   119 | D:1      | HP: 4/17 [goblin/+0 club (2)]
   187 | D:1      | Reached XP level 3. HP: 21/21 MP: 3/3
   196 | D:1      | Reached skill level 5 in Ranged Weapons
   532 | D:1      | 532 ||| UPGRADING to +0 ring mail.
   542 | D:1      | 542 ||| DROPPING +0 leather armour.
   543 | D:1      | 543 ||| READING 3 scrolls labelled WOUXUX VUNEWN.
   544 | D:1      | 544 ||| READING scroll labelled ZUEM HILIAMUIF.
   545 | D:1      | 545 ||| READING scroll labelled POFUCI QUM YPA.
   546 | D:1      | 546 ||| READING 2 scrolls of identify.
   546 | D:1      | 546 ||| IDENTIFYING glowing pink potion
   547 | D:1      | 547 ||| DROPPING scroll of butterflies.
   633 | D:2      | Reached skill level 1 in Armour
   657 | D:2      | Reached XP level 4. HP: 27/27 MP: 4/4
   671 | D:2      | Reached skill level 3 in Fighting
  1246 | D:2      | 1246 ||| READING scroll labelled QUQ DAWOUFF.
  1247 | D:2      | 1247 ||| READING scroll labelled HIOMIESHAC.
  1263 | D:3      | 1263 ||| PLANNING SEWER
  1515 | D:3      | Noticed an ogre
  1522 | D:3      | Slain by an ogre

Levels and vault maps discovered:
D:1:      dpeg_arrival_water_temple_mockup, layout_rooms,
          shapermc_ecumenical_altar_petra
D:2:      layout_basic
D:3:      layout_basic, portal_sewer_entry_e, uniq_grinder, uniq_sigmund

Skill      XL: |  1  2  3  4 |
---------------+-------------+-----
Ranged Weapons | 5 |  5.5
Armour         | 1 |  1.0
Fighting       | 3 |  3.0
Dodging        | |  1.5
Stealth        | |  1.1

Action                     |  1- 3 |  4- 6 || total
---------------------------+-------+-------++-------
   Fire: Shortbow          |   126 |    76 ||   202
    Use: Scroll            |     4 |     2 ||     6
 Armour: Leather armour    |    38 |       ||    38
         Ring mail         |     1 |    16 ||    17
  Dodge: Dodged            |    56 |    15 ||    71

Table legend:
 A = Non-vault XP
 B = Vault XP
 C = Vault XP percentage of total XP
 D = Non-vault monster count
 E = Vault monster count
 F = Vault count percentage of total count
                 A         B        C        D         E       F
            +---------+---------+-------+---------+---------+-------
      Total |     147 |       0 |   0.0 |      72 |       0 |   0.0
            +---------+---------+-------+---------+---------+-------
        D:1 |      61 |       0 |   0.0 |      36 |       0 |   0.0
        D:2 |      46 |       0 |   0.0 |      17 |       0 |   0.0
        D:3 |      40 |       0 |   0.0 |      19 |       0 |   0.0
            +---------+---------+-------+---------+---------+-------
